 Dungeon Crawl Stone Soup version 0.30-b1-2-g02819fbbbe (webtiles) character file.

Game seed: 11845098225890693051

21333 Maffolandro the Zephyrmancer (level 13, -1/98 HPs)
             Began as a Human Wanderer on Dec 23, 2023.
             Was an Elder of Sif Muna.
             Engulfed by a cloud of freezing vapour (15 damage)
             ... in an ice cave.
             The game lasted 01:24:01 (21084 turns).

Maffolandro the Zephyrmancer (Human Wanderer)      Turns: 21084, Time: 01:24:02

Health: -1/98      AC: 13    Str: 19    XL:     13   Next: 19%
Magic:  2/22       EV: 15    Int: 22    God:    Sif Muna [****..]
Gold:   1432       SH:  0    Dex: 17    Spells: 3/24 levels left

rFire   . . .        a - +9 rapier of Oozing Pus {flame, rPois Str+4 Dex+2}
rCold   + . .        (no shield)
rNeg    . . .        C - +2 leather armour {rPois}
rPois   +            N - +0 helmet
rElec   .            M - +2 cloak
rCorr   .            I - +0 pair of gloves {Str+3}
SInv    .            p - +2 pair of boots
Will    .....        (no amulet)
Stlth   +++          R - +6 ring of intelligence
HPRegen 0.36/turn    f - ring of protection from cold
MPRegen 0.18/turn

%: no passive effects
@: about to teleport, flying
A: no striking features
a: Renounce Religion, Channel Magic, Forget Spell, Divine Exegesis


You were in an ice cave.
You worshipped Sif Muna.
Sif Muna was greatly pleased with you.
You visited 3 branches of the dungeon, and saw 15 of its levels.
You also visited: Ossuary and Ice Cave.

You collected 1432 gold pieces.

Inventory:

Hand Weapons
 a - the +9 rapier of Oozing Pus (weapon) {flame, rPois Str+4 Dex+2}
   (You found it on level 9 of the Dungeon)

   Str:       It affects your strength (+4).
   Dex:       It affects your dexterity (+2).
   rPois:     It protects you from poison.
 b - a +3 longbow of electrocution
Missiles
 K - 35 poisoned darts
 T - a throwing net
Armour
 i - a +2 tower shield of cold resistance
 j - an orb of light
 p - a +2 pair of boots (worn)
 C - a +2 leather armour of poison resistance (worn)
 I - a +0 pair of gloves of strength (worn)
 M - a +2 cloak (worn)
 N - a +0 helmet (worn)
Jewellery
 f - a ring of protection from cold (right hand)
 R - a +6 ring of intelligence (left hand)
Wands
 c - a wand of flame (56)
 B - a wand of light (20)
 D - a wand of digging (5)
 J - a wand of paralysis (16)
 O - a wand of polymorph (2)
Scrolls
 d - 5 scrolls of fear
 m - a scroll of summoning {unknown}
 r - 5 scrolls of teleportation
 x - 4 scrolls of immolation
 y - 2 scrolls of vulnerability
 z - 5 scrolls of fog
 G - 4 scrolls of poison {unknown}
Potions
 e - a potion of heal wounds
 g - 5 potions of invisibility
 h - 10 potions of ambrosia
 k - 8 potions of curing {unknown}
 l - a potion of berserk rage
 o - 4 potions of attraction
 s - 4 potions of haste
 u - 5 potions of might {unknown}
 w - a potion of flight
 P - 3 potions of brilliance
 Q - a potion of lignification
 S - 2 potions of cancellation
Miscellaneous
 E - a box of beasts


   Skills:
 + Level 8.2 Fighting
 - Level 10.0 Short Blades
 - Level 6.0 Dodging
 - Level 6.0 Stealth
 - Level 6.1 Spellcasting
 - Level 8.0 Conjurations
 - Level 2.0 Transmutations
 * Level 11.1 Air Magic
 - Level 1.0 Invocations
 - Level 1.0 Evocations


You had 3 spell levels left.
You knew the following spells:

 Your Spells              Type           Power      Damage    Failure   Level
a - Beastly Appendage     Tmut           30%        N/A       4%          1
b - Poisonous Vapours     Pois/Air       62%        N/A       1%          2
c - Swiftness             Air            54%        N/A       1%          3
d - Airstrike             Air            27%        2d(4-20)  1%          4
e - Mephitic Cloud        Conj/Pois/Air  34%        N/A       2%          3
f - Vhi's Electric Charg  Tloc/Air       62%        N/A       3%          3
g - Arcjolt               Conj/Air       24%        1d34      6%          5

Your spell library contained the following spells:

 Spells                   Type           Power      Damage    Failure   Level
 Shock                    Conj/Air       100%       1d9       1%          1
 Ignite Poison            Fire/Tmut/Pois 9%         N/A       24%         3
 Freezing Cloud           Conj/Ice/Air   17%        6-21      22%         5
 Summon Forest            Summ/Tloc      3%         N/A       96%         5
 Eringya's Noxious Bog    Tmut/Pois      5%         N/A       100%        6
 Summon Hydra             Summ           3%         N/A       100%        7
 Maxwell's Capacitive Co  Air            27%        ∞         100%        8


Dungeon Overview and Level Annotations

Branches:
Dungeon (12/15)            Temple (1/1) D:7            Lair (2/5) D:8
    Orc (0/2) D:10        Ossuary (visited)           IceCv (1/1)
  Swamp: Lair:2-3    Shoals: Lair:2-3     Snake: Lair:2-3    Spider: Lair:2-3

Altars:
Ashenzari
Cheibriados
Dithmenos
Elyvilon
Fedhas
Gozag
Hepliaklqana
Kikubaaqudgha
Makhleb
Nemelex Xobeh
Okawaru
Qazlal
Ru
Sif Muna
Trog
Uskayaw
Vehumet
Wu Jian
Xom
Yredelemnul
Zin
The Shining One

Shops:
D:10 *

Annotations:
D:3 3 runed translucent doors, Stirner's ghost, novice BaSu; mooncake's ghost, weakling SpBr
D:4 2 transporters, HumanPerson's ghost, amateur FoFi
D:7 Joseph
D:12 2 transporters, 1 exclusion, Melkor's ghost, journeyman AtFi; Nessos


Message History

You feel stronger.
You feel agile.
The +9 rapier of Oozing Pus {flame, rPois Str+4 Dex+2} bursts into flame!
a - the +9 rapier of Oozing Pus (weapon)
{flame, rPois Str+4 Dex+2}
Casting: Airstrike (mildly dangerous; 1% risk of failure)
Confirm with . or Enter, or press ? or * to list all spells.
Charge where?
Press: ? - help, Dir - move target, f/p - reaper
Aim: a reaper, wielding a +2 scythe of freezing (heavily wounded, 86% to hit)
You charge forward with an electric crackle!
You hit the reaper but do no damage.
The reaper is heavily wounded.
The reaper hits you with a +2 scythe of freezing!!
The reaper freezes you.
You completely miss the reaper.
The reaper is heavily wounded.
The reaper hits you with a +2 scythe of freezing!!!
The reaper freezes you.
Unknown command.
You hit the reaper but do no damage.
The reaper is heavily wounded.
The reaper hits you with a +2 scythe of freezing!!
* * * LOW HITPOINT WARNING * * *
The reaper freezes you.
* * * LOW HITPOINT WARNING * * *
Unknown command.
Okay, then.
Blink to where?
Press: ? - help, Dir - move target, p - reaper
As you read the scroll of blinking, it crumbles to dust.
You feel very buoyant.
You fly up into the air.
As you read the scroll of teleportation, it crumbles to dust.
You feel strangely unstable.
Really fly into that cloud of freezing vapour?
You are engulfed in freezing vapours.
You resist.
* * * LOW HITPOINT WARNING * * *
The reaper whispers, "Time's up, Maffolandro!"
Really fly into that cloud of freezing vapour?
You are engulfed in freezing vapours.
You resist.
You die...

##°## ## #...#
#. ##..## ##.
##....# #..
#.§..## ### #.#
###§§§## ##.##
##. #§§§☼§#
##...# #.
#§§§°☼# ##§.#.#
## ##@§§##
#...#.## #
#.☼.☼# ##..###.#
#
##§§○###...###.#
#..###2..###..#
##2###..## #..#
##.#...# #.##
#..#...# #..##
###...## ##..#
#..##### #..#


You could see a reaper.

Vanquished Creatures
  Harold (Lair:1)
  2 boulder beetles (D:12)
  A two-headed ogre (D:9)
  A death yak (Lair:1)
  Pikel (D:5)
  A deep elf pyromancer (D:12)
  2 cyclopes
  A manticore (D:12)
  An ice statue (IceCv)
  2 black mambas (Lair:1)
  A cane toad (Lair:1)
  A torpor snail (Lair:1)
  2 unseen horrors (D:11)
  A rime drake (Lair:1)
  2 kobold demonologists (D:12)
  A freezing wraith (IceCv)
  A komodo dragon (Lair:1)
  A queen bee (Lair:1)
  2 trolls
  2 hornets
  4 blink frogs (Lair:1)
  2 shadows
  4 slime creatures (D:12)
  2 water elementals (D:12)
  Sigmund (D:3)
  A wraith (D:10)
  A vampire (D:10)
  13 yaks
  2 steam dragons (D:8)
  4 vampire mosquitoes
  2 death yak simulacra (IceCv)
  A hydra simulacrum (IceCv)
  Edmund (D:6)
  2 acid dragons
  4 water moccasins
  3 orc warriors
  A sky beast (D:7)
  An ice beast (D:8)
  A black bear (D:5)
  4 centaurs
  2 phantoms
  4 kobold brigands (D:12)
  4 bullfrogs
  A gnoll sergeant (D:9)
  9 two-headed ogre simulacra (IceCv)
  3 scorpions
  A cane toad simulacrum (IceCv)
  6 wights
  30 killer bees
  5 electric eels
  4 howler monkeys (D:8)
  4 hounds
  4 jellies
  A gnoll bouda (D:6)
  6 orc priests
  2 sleepcaps
  Natasha (thrice) (D:3)
  2 iguanas
  8 orc wizards
  3 polar bear simulacra (IceCv)
  5 troll simulacra (IceCv)
  2 wolf simulacra (IceCv)
  6 spriggan simulacra (IceCv)
  8 mummies (Ossuary)
  6 gnolls
  8 adders
  2 naga simulacra (IceCv)
  2 shadow imps
  3 white imps
  5 ufetubi (IceCv)
  A worm (D:2)
  6 dart slugs (D:7)
  43 orcs
  6 ball pythons
  6 endoplasms
  6 giant cockroaches
  3 gnoll zombies (Ossuary)
  2 goblins
  5 hobgoblins
  8 jackals
  8 kobolds
  5 quokkas
  9 bats
  2 kobold zombies (Ossuary)
  3 orc zombies (Ossuary)
  A rat (D:3)
344 creatures vanquished.

Vanquished Creatures (collateral kills)
  Crazy Yiuf (D:2)
1 creature vanquished.

Vanquished Creatures (others)
  3 fungi (Lair:1)
  A plant (Lair:1)
  6 withered plants (D:3)
10 creatures vanquished.

Grand Total: 355 creatures vanquished

Notes
Turn   | Place    | Note
-------+----------+-------------------------------------------
     0 | D:1      | Maffolandro the Human Wanderer began the quest for the Orb.
     0 | D:1      | Maffolandro set off with the following items: a +2 dagger,
                  | a potion of brilliance, a wand of flame (3), a scroll of
                  | fear, a +0 robe; and the following spell memorised: Beastly
                  | Appendage; and the following spells available to memorise:
                  | Ignite Poison.
     0 | D:1      | Reached XP level 1. HP: 15/15 MP: 3/3
   255 | D:1      | Reached XP level 2. HP: 22/22 MP: 3/5
   825 | D:1      | Learned a level 2 spell: Poisonous Vapours
   964 | D:2      | Reached XP level 3. HP: 27/28 MP: 0/6
  1059 | D:2      | Reached skill level 1 in Air Magic
  1563 | D:2      | Reached skill level 2 in Air Magic
  1640 | D:2      | Reached XP level 4. HP: 30/34 MP: 1/7
  1645 | D:2      | Learned a level 4 spell: Airstrike
  1729 | D:2      | Found a runed translucent door.
  1730 | D:2      | Noticed Crazy Yiuf
  2033 | D:3      | Reached skill level 3 in Air Magic
  2087 | D:3      | Noticed Natasha
  2192 | D:3      | Killed Natasha
  2193 | D:3      | Reached XP level 5. HP: 32/39 MP: 6/8
  2250 | D:3      | Found a runed translucent gate.
  2250 | D:3      | Found a runed translucent gate.
  2250 | D:3      | Found a runed translucent gate.
  2250 | D:3      | Noticed Stirner's ghost (novice BaSu)
  2251 | D:3      | Noticed mooncake's ghost (weakling SpBr)
  2481 | D:3      | Reached skill level 4 in Air Magic
  2513 | D:3      | Noticed Natasha
  2521 | D:3      | Killed Natasha
  2573 | D:3      | Noticed Sigmund
  2589 | D:3      | Killed Sigmund
  2590 | D:3      | Reached skill level 5 in Air Magic
  2590 | D:3      | Reached XP level 6. HP: 31/46 MP: 0/9
  3491 | D:4      | Found a transporter.
  3491 | D:4      | Noticed HumanPerson's ghost (amateur FoFi)
  3496 | D:4      | Found a transporter.
  3498 | D:4      | Noticed an ogre
  3538 | D:4      | Reached skill level 6 in Air Magic
  3548 | D:4      | Found a sand-covered staircase.
  3553 | Ossuary  | Entered an ossuary
  3569 | Ossuary  | Reached XP level 7. HP: 51/51 MP: 0/10
  3690 | Ossuary  | Learned a level 3 spell: Swiftness
  4723 | D:4      | You fall into a shaft and drop 3 floors!
  4773 | D:7      | Noticed a water moccasin
  4819 | D:7      | Killed a water moccasin
  4820 | D:7      | Reached skill level 7 in Air Magic
  4972 | D:7      | Reached XP level 8. HP: 54/57 MP: 4/11
  5063 | D:6      | Noticed Edmund
  5084 | D:6      | Killed Edmund
  5085 | D:6      | Reached skill level 8 in Air Magic
  5278 | D:5      | Entered Level 5 of the Dungeon
  5562 | D:4      | Reached skill level 1 in Short Blades
  5819 | D:5      | Found a basalt altar of Yredelemnul.
  5871 | D:5      | Found a hazy altar of Hepliaklqana.
  5879 | D:5      | Reached skill level 1 in Dodging
  6103 | D:5      | Reached XP level 9. HP: 53/66 MP: 7/12
  6502 | D:5      | Reached skill level 5 in Fighting
  6705 | D:5      | Found a shadowy altar of Dithmenos.
  7099 | D:5      | Reached skill level 5 in Short Blades
  7639 | D:6      | Noticed Pikel
  7662 | D:5      | Killed Pikel
  7951 | D:6      | Reached XP level 10. HP: 76/76 MP: 8/13
  8614 | D:7      | Reached skill level 5 in Dodging
  8754 | D:7      | Noticed Joseph
  9002 | D:7      | Found a staircase to the Ecumenical Temple.
  9008 | Temple   | Entered the Ecumenical Temple
  9072 | Temple   | Became a worshipper of Sif Muna the Loreminder
  9077 | Temple   | Learned a level 3 spell: Mephitic Cloud
  9368 | D:3      | Noticed Natasha
  9371 | D:3      | Killed Natasha
 10482 | D:8      | Reached * piety under Sif Muna
 10493 | D:8      | Found a staircase to the Lair.
 10719 | D:8      | Found an ornate altar of the Wu Jian Council.
 10890 | D:8      | Identified a scroll of acquirement
 10892 | D:8      | Acquired a +2 longbow of electrocution
 11301 | D:9      | Reached XP level 11. HP: 85/85 MP: 5/14
 11753 | D:9      | Noticed a two-headed ogre
 11777 | D:9      | Killed a two-headed ogre
 11886 | D:9      | Identified the +9 rapier of Oozing Pus {flame, rPois Str+4
                  | Dex+2}
 12455 | D:10     | Entered Level 10 of the Dungeon
 12465 | D:9      | Reached skill level 10 in Short Blades
 12594 | D:9      | Learned a level 3 spell: Vhi's Electric Charge
 12726 | D:10     | Found Ugeesmeojo's Gadget Gallery.
 12906 | D:10     | Found a staircase to the Orcish Mines.
 13169 | D:10     | Noticed a cyclops
 13192 | D:10     | Killed a cyclops
 13193 | D:10     | Reached skill level 5 in Spellcasting
 13533 | D:10     | Reached ** piety under Sif Muna
 14249 | D:2      | Killed Crazy Yiuf
 14284 | D:2      | Learned a level 5 spell: Arcjolt
 14609 | D:11     | Reached skill level 1 in Conjurations
 15244 | D:12     | Noticed Melkor's ghost (journeyman AtFi)
 15244 | D:12     | Noticed a skeletal warrior
 15245 | D:12     | Found a transporter.
 15249 | D:12     | Noticed a flayed ghost
 15250 | D:12     | Noticed a spectral wolf spider
 15485 | D:12     | Noticed a flayed ghost
 15486 | D:12     | Noticed a skeletal warrior
 15487 | D:12     | Found a transporter.
 15651 | D:12     | Noticed Nessos
 15934 | D:12     | Noticed a boulder beetle
 15944 | D:12     | Noticed a manticore
 15944 | D:12     | Killed a boulder beetle
 15945 | D:12     | Reached XP level 12. HP: 77/92 MP: 13/21
 16481 | D:12     | Reached skill level 5 in Conjurations
 16706 | D:12     | Reached skill level 9 in Air Magic
 16753 | D:12     | Noticed a boulder beetle
 16762 | D:12     | Killed a boulder beetle
 17269 | Lair:1   | Entered Level 1 of the Lair of Beasts
 17356 | Lair:1   | Reached skill level 5 in Stealth
 17503 | Lair:1   | Noticed Harold
 17762 | Lair:1   | Killed Harold
 17912 | Lair:1   | Noticed a death yak
 17938 | Lair:1   | Killed a death yak
 18194 | Lair:1   | Reached *** piety under Sif Muna
 18299 | Lair:1   | Reached skill level 10 in Air Magic
 18299 | Lair:1   | Reached XP level 13. HP: 98/98 MP: 11/22
 18547 | Lair:2   | Found a frozen archway.
 18567 | IceCv    | Entered an ice cave
 19771 | IceCv    | Reached **** piety under Sif Muna
 20495 | IceCv    | Reached skill level 11 in Air Magic
 21024 | IceCv    | Noticed a reaper
 21084 | IceCv    | Engulfed by a cloud of freezing vapour

Illustrated notes

Levels and vault maps discovered:
D:1:      saegor_arrival_simple_e, layout_loops_ring,
          nicolae_concentric_dashed_squares_wild
D:2:      layout_rooms, kennysheep_generic_room_3, uniq_crazy_yiuf_cottage
D:3:      layout_basic, gammafunk_ghost_cemetery, uniq_sigmund, uniq_natasha
D:4:      layout_basic, gammafunk_ghost_arena, enter_ossuary_5
D:5:      layout_loops_cross, mainiacjoe_overflow_large_starburst,
          amcnicky_altar_gilded, minivault_14, st_stairs_1,
          hangedman_decor_peaks_small, kennysheep_generic_room_13
D:6:      layout_basic, minmay_misc_feat_plants, uniq_edmund, uniq_pikel
D:7:      kennysheep_slugbush, layout_basic, minmay_temple_entry_mini_moons,
          minivault_4, uniq_joseph
D:8:      layout_cave_pods, mainiacjoe_overflow_catwalk, lair_entry_dummy,
          kennysheep_generic_room_4
D:9:      layout_loops_corners
D:10:     layout_roguey, david_orc_2, nicolae_shop_gadgets
D:11:     layout_layer_cave, hex_tiny
D:12:     layout_basic, gammafunk_ghost_mausoleum, uniq_nessos
Temple:   nicolae_temple_two_arcs
Lair:1:   layout_roguey [special_room_bee], lemuel_fruit_fields,
          grunt_megastairs_1, uniq_harold
Lair:2:   nzn_winding_woodlands_cross [nzn_winding_woodlands_5x15_concentric,
          nzn_winding_woodlands_5x15_cabin, nzn_winding_woodlands_5x15_default,
          nzn_winding_woodlands_5x15_zeroes,
          nzn_winding_woodlands_15x15_five_gardens], layout_small_grid,
          portal_ice_cave_entry_pillars_1, enter_volcano_3,
          nicolae_lair_lil_pond, nicolae_quartered_pool_medium, uniq_sonja
IceCv:    ice_cave_caverns_01

Skill      XL: |  1  2  3  4  5  6  7  8  9 10 11 12 13 |
---------------+----------------------------------------+-----
Fighting       | 2 4 6 7 8 |  8.2
Air Magic      | 2 3 5 6 7 8 10 11 | 11.1
Short Blades   | 3 6 9 10 | 10.0
Dodging        | 2 4 6 |  6.0
Spellcasting   | 6 |  6.1
Conjurations   | 4 8 |  8.0
Stealth        | 6 |  6.0
Transmutations | |  2.0
Invocations    | |  1.0
Evocations     | |  1.0

Action                     |  1- 3 |  4- 6 |  7- 9 | 10-12 | 13-15 || total
---------------------------+-------+-------+-------+-------+-------++-------
  Melee: Dagger            |    42 |       |       |       |       ||    42
         Kick              |     8 |     2 |    30 |    42 |       ||    82
         Headbutt          |     1 |     1 |    16 |    31 |       ||    49
         Short sword       |    16 |    42 |   141 |   130 |       ||   329
         Rapier            |       |       |       |   225 |    42 ||   267
         Punch             |       |       |       |     3 |     1 ||     4
   Fire: Longbow           |       |       |       |    88 |    74 ||   162
   Cast: Beastly Appendage |    21 |    10 |    25 |    13 |       ||    69
         Poisonous Vapours |    10 |    35 |    38 |    14 |       ||    97
         Airstrike         |       |     2 |    30 |    56 |    11 ||    99
         Mephitic Cloud    |       |       |       |     7 |       ||     7
         Vhi's Electric Ch |       |       |       |     1 |     1 ||     2
         Arcjolt           |       |       |       |     2 |     2 ||     4
         Swiftness         |       |       |       |       |     2 ||     2
 Invoke: Channel Magic     |       |       |       |       |     1 ||     1
  Evoke: Wand              |       |       |     1 |     2 |       ||     3
         Box of beasts     |       |       |       |     1 |       ||     1
    Use: Scroll            |       |       |       |    26 |     3 ||    29
         Potion            |       |       |       |       |     1 ||     1
   Stab: Sleeping          |     4 |       |     1 |     3 |     1 ||     9
         Confused          |       |       |       |     1 |       ||     1
 Armour: Robe              |     8 |     4 |     2 |       |       ||    14
         Leather armour    |       |       |    27 |    86 |    12 ||   125
  Dodge: Dodged            |    23 |    20 |    62 |   180 |    28 ||   313
